 Dungeon Crawl Stone Soup version 0.28.0-53-g5a82cb258f (webtiles) character file.

Game seed: 5358588121310382384

223 hawla the Firebug (level 5, -1/28 HPs)
             Began as a Deep Elf Fire Elementalist on Aug 9, 2022.
             Slain by a gnoll
             ... wielding a +0 halberd
              (11 damage)
             ... on level 4 of the Dungeon.
             The game lasted 00:10:54 (3385 turns).

hawla the Firebug (Deep Elf Fire Elementalist)      Turns: 3385, Time: 00:10:54

Health: -1/28      AC:  6    Str:  3 (5)  XL:     5   Next: 66%
Magic:  2/13       EV: 12    Int: 21 (22) God:
Gold:   150        SH:  0    Dex: 13 (15) Spells: 5/12 levels left

rFire   . . .      SeeInvis .   (no weapon)
rCold   . . .      Faith    .   (no shield)
rNeg    . . .      Spirit   .   a - +0 robe
rPois   .          Reflect  .   (no helmet)
rElec   .          Harm     .   k - +0 cloak
rCorr   .          Rampage  .   d - +2 pair of gloves
Will    .....                   (no boots)
Stlth   ++........              (no amulet)
HPRegen 0.09/turn               (no ring)
MPRegen 0.13/turn               (no ring)

@: invisible
A: no striking features
a: no special abilities


You were on level 4 of the Dungeon.
You visited 1 branch of the dungeon, and saw 4 of its levels.

You collected 150 gold pieces.

Inventory:

Missiles
 b - a throwing net
 i - 5 poisoned darts
 j - 2 silver boomerangs
Armour
 a - a +0 robe (worn)
 d - a +2 pair of gloves (worn)
 k - a +0 cloak (worn)
Wands
 c - a wand of iceblast (8)
Scrolls
 e - a scroll of fog


   Skills:
 - Level 2.6 Dodging
 - Level 2.6 Stealth
 - Level 4.4 Spellcasting
 * Level 3.3 Conjurations
 * Level 5.3 Fire Magic


You had 5 spell levels left.
You knew the following spells:

 Your Spells              Type           Power      Damage    Failure   Level
a - Foxfire               Conj/Fire      92%        2x1d8     1%          1
b - Scorch                Fire           54%        2d7       1%          2
c - Flame Wave            Conj/Fire      23%        2d7       19%         4

Your spell library contained the following spells:

 Spells                   Type           Power      Damage    Failure   Level
 Conjure Flame            Conj/Fire      23%        6-21      6%          3
 Inner Flame              Hex/Fire       15%        N/A       12%         3
 Sublimation of Blood     Necr           4%         N/A       17%         2
 Stone Arrow              Conj/Erth      22%        3d8       17%         3
 Animate Armour           Summ/Erth      8%         N/A       75%         4
 Petrify                  Tmut/Erth      4%         N/A       75%         4
 Irradiate                Conj/Tmut      5%         3d15      85%         5
 Lehudib's Crystal Spear  Conj/Erth      5%         10d3      100%        8


Dungeon Overview and Level Annotations

Branches:
Dungeon (4/15)
 Temple: D:4-7

Altars:
Ashenzari
Makhleb
Xom
The Shining One


Message History

The gnoll hits you but does no damage.
Casting: Scorch (safe; 1% risk of failure)
Confirm with . or Enter, or press ? or * to list all spells.
You conjure some foxfire!
The gnoll barely misses you. The gnoll hits you but does no damage.
As you read the scroll of fog, it crumbles to dust.
The scroll dissolves into smoke.
The foxfire hits the gnoll.
The gnoll is heavily wounded.
The gnoll hits you from afar with a +0 halberd!
* * * LOW HITPOINT WARNING * * *
The gnoll hits you with a +0 flail.
* * * LOW HITPOINT WARNING * * *
It was a potion of heal wounds.
You feel much better. The gnoll barely misses you.
The gnoll hits you with a +0 flail!
It was a potion of invisibility.
You fade into invisibility!
The gnoll barely misses you. x2
It was a potion of degeneration.
There was something very wrong with that liquid.
You feel weakened.
You feel dopey.
You feel clumsy. The gnoll barely misses you. The gnoll closely misses you.
Okay, then.
You hit the gnoll.
The gnoll is severely wounded.
You hear the slow rusting of a very distant drain.
The gnoll misses you. The gnoll barely misses you.
You closely miss the gnoll.
The gnoll is severely wounded.
The gnoll barely misses you. The gnoll hits you but does no damage.
You hit the gnoll.
The gnoll is severely wounded.
The gnoll closely misses you. The gnoll closely misses you.
You see here a +0 flail.
You hit the gnoll.
The gnoll is severely wounded.
The gnoll hits you but does no damage.
There is a stone staircase leading up here.
The gnoll hits you from afar with a +0 halberd!
You die...

#####.###
#g§§.....
#§##!....
#@# ..#
#§# . #g#
#§§ ###


You could see 2 gnolls.

Vanquished Creatures
  A crimson imp (D:3)
  An orc priest (D:3)
  A gnoll shaman (D:4)
  4 gnolls
  2 adders (D:3)
  A worm (D:4)
  4 orcs (D:3)
  5 endoplasms
  2 giant cockroaches (D:1)
  6 goblins
  5 hobgoblins
  3 jackals (D:2)
  5 quokkas
  6 ball pythons
  3 bats
  5 frilled lizards
  6 kobolds
  4 rats
64 creatures vanquished.

Vanquished Creatures (collateral kills)
  A foxfire (D:3)
1 creature vanquished.

Vanquished Creatures (others)
  155 foxfires
  4 plants (D:1)
159 creatures vanquished.

Grand Total: 224 creatures vanquished

Notes
Turn   | Place    | Note
-------+----------+-------------------------------------------
     0 | D:1      | hawla the Deep Elf Fire Elementalist began the quest for
                  | the Orb.
     0 | D:1      | Reached XP level 1. HP: 10/10 MP: 6/6
    48 | D:1      | Reached XP level 2. HP: 15/15 MP: 1/8
   215 | D:1      | Found a faded altar of an unknown god.
   839 | D:1      | Reached skill level 4 in Fire Magic
   871 | D:1      | Reached XP level 3. HP: 19/19 MP: 7/10
  1586 | D:2      | Learned a level 2 spell: Scorch
  2439 | D:3      | Reached XP level 4. HP: 24/24 MP: 8/12
  2449 | D:3      | Learned a level 4 spell: Flame Wave
  3016 | D:3      | Found a burning altar of Makhleb.
  3039 | D:3      | Found a shimmering altar of Xom.
  3048 | D:3      | Reached XP level 5. HP: 15/28 MP: 5/13
  3271 | D:3      | Found a glowing golden altar of the Shining One.
  3271 | D:3      | Found a broken altar of Ashenzari.
  3365 | D:4      | Reached skill level 5 in Fire Magic
  3385 | D:4      | Slain by a gnoll

Illustrated notes

Levels and vault maps discovered:
D:1:      minmay_arrival_hallway, layout_basic, serial_forest,
          infiniplex_forest_fountain, infiniplex_forest_clump_tiny,
          infiniplex_forest_clump_small, infiniplex_forest_clump_medium,
          infiniplex_forest_end_1, infiniplex_forest_lined_2,
          infiniplex_forest_clump_tiny, shapermc_ecumenical_altar_flowoftime
D:2:      layout_basic
D:3:      layout_basic, grunt_temple_overflow_champion_of_chaos,
          gammafunk_temple_overflow_elements, serial_bayou_lagoon_b
D:4:      layout_loops_corners, lemuel_doored_altar,
          minmay_temple_entry_offerings, portal_sewer_entry_f, uniq_pikel,
          uniq_edmund, uniq_ijyb, uniq_sigmund, uniq_menkaure

Skill      XL: |  1  2  3  4  5 |
---------------+----------------+-----
Fire Magic     | 4 5 |  5.3
Spellcasting   | 4 |  4.4
Conjurations   | 2 3 |  3.3
Dodging        | |  2.6
Stealth        | |  2.6

Action                   |  1- 3 |  4- 6 || total
-------------------------+-------+-------++-------
Melee: Unarmed           |    14 |     4 ||    18
 Cast: Foxfire           |    67 |    30 ||    97
       Scorch            |     1 |    11 ||    12
Evoke: Wand              |       |     2 ||     2
  Use: Scroll            |     2 |     2 ||     4
       Potion            |       |     4 ||     4
Armor: Robe              |     9 |    10 ||    19
Dodge: Dodged            |    13 |    18 ||    31
